[Event "Nové Hrady - Blesk"]
[Site "Nové Hrady, Czech Republic"]
[Date "2023.08.17"]
[Round "4.2"]
[White "Rausch, Rudolf"]
[Black "Hak, David"]
[Result "0-1"]
[TimeControl "2x3+2s"]
[WhiteFideId "1639455"]
[BlackFideId "377007"]
[WhiteElo "1806"]
[BlackElo "2037"]

1. d4 Nf6 2. c4 g6 3. Nc3 Bg7 4. Nf3 O-O 5. Bf4 d6 6.
e3 b6 7. Be2 Bb7 8. O-O Nbd7 9. h3 Ne4 10. Nxe4 Bxe4 11. Nd2 Bb7 12. Bf3 Qc8 13. Bxb7 Qxb7 14. Qf3 Qxf3 15. Nxf3 c5 16. Rad1 Rfc8 17. b3 a6 18. a3 b5 19. cxb5 axb5 20. a4 bxa4 21.
bxa4 Rxa4 22. dxc5 Nxc5 23. Rc1 Rb8 24.
Rxc5 Rxf4 25. Rc7 Re4 26. Rfc1 Bf6 27.
Rc8+ Rxc8 28. Rxc8+ Kg7 29. Rc7 Ra4 30. g3 Ra2 31. h4 h6 32. Rb7 e6 33. Rd7 d5 34. Kg2 Bc3 35. g4 Bf6 36.
g5 hxg5 37. hxg5 Bb2 38. Kg3 Bc3 39.
Kg2 Bd2 40. Kg3 Bb4 41. Kg2 Rc2 42. Rb7 Bc3 43. Kg3 Rc1 44. Kg2 e5 45. Rd7 Rd1 46. Rd6 e4 47. Nh2 Rd2 48. Ng4 d4 49. exd4 Bxd4 50. Kg3 Bxf2+ 51. Nxf2 Rxd6 52. Nxe4 Rd4 53. Kf3 Ra4 54. Ke3 Ra1 55. Kf3 Kf8 56. Ke3 Ke7 57. Kf4 Ra4 58. Ke5 Ra5+ 59. Kf4 Ke6 60. Ng3 Ra4+ 61. Kf3 Ke5 62. Ne2 Ra3+ 63. Kg4 Ra2 64. Kf3 Rxe2 65. Kxe2 Kf4 66. Kf2 Kxg5 67. Kf3 f5 68. Kg3 f4+ 69.
Kf3 Kf5 70. Kf2 Ke4 71. Kg2 f3+ 72. Kf2 Kf4 73. Kf1 Ke3 74. Ke1 g5 75. Kf1 f2 76. Kg2 Ke2 77.
Kg3 f1=Q 0-1

[Event "Nové Hrady - Blesk"]
[Site "Nové Hrady, Czech Republic"]
[Date "2023.08.17"]
[Round "4.3"]
[White "Papacek, Stepan"]
[Black "Babula, Milan"]
[Result "0-1"]
[TimeControl "2x3+2s"]
[WhiteFideId "301035"]
[BlackFideId "300632"]
[WhiteElo "2137"]
[BlackElo "2176"]

1. e4 Nc6 2. Nf3 g6 3.
d4 Bg7 4. d5 Nb8 5. Bd3 c6 6.
O-O Nf6 7. c4 d6 8. Nc3 O-O 9. Re1 Bg4 10. Qb3 Qc8 11. e5 Nfd7 12. exd6 exd6 13. Ng5 Nc5 14. Qc2 Nbd7 15. Bf4 Ne5 16.
Bxe5 Bxe5 17. h3 Nxd3 18. Qxd3 Bf5 19. Qf3 Qd7 20. g4 h6 21. Nge4 Bxe4 22. Qxe4 f5 23. Qe3 Kh7 24. g5 f4 25. Qd3 hxg5 26. Ne4 Qf5 27. Rad1 c5 28. Qf3 Rh8 29. Kg2 Kg7 30. b4 Rh4 31. bxc5 g4 32. hxg4 Rxg4+ 33. Kf1 dxc5 34. d6 Bd4 35. Rb1 b6 36. a4 Rh8 37. a5 Rh1+ 38. Ke2 Rxe1+ 39. Rxe1 bxa5 40. Rb1 Rh4 41. Rb7+ Kf8 42. d7 Ke7 43. Rb8 Kxd7 44. Nxc5+ Qxc5 45. Qb7+ Qc7 46. Qb5+ Ke7 47. Re8+ Kf6 48. Rf8+ Kg7 49. Re8 f3+ 50. Kd3 Bf6 51. Qd5 Rd4+ 0-1

[Event "Nové Hrady - Blesk"]
[Site "Nové Hrady, Czech Republic"]
[Date "2023.08.17"]
[Round "4.4"]
[White "Durchan, Milan"]
[Black "Vybiral, Zdenek"]
[Result "0-1"]
[TimeControl "2x3+2s"]
[WhiteFideId "333212"]
[BlackFideId "305200"]
[WhiteElo "1677"]
[BlackElo "2158"]

1. f4 d5 2. Nf3 Nf6 3. g3 Nbd7 4. Bg2 c6 5. c3 Qc7 6. Qc2 e5 7. d3 e4 8. dxe4 Nxe4 9. Nbd2 Ndf6 10.
Nxe4 Nxe4 11. Be3 Bd6 12. O-O O-O 13. Rad1 Re8 14. Qb3 Nxg3 15. hxg3 0-1

[Event "Nové Hrady - Blesk"]
[Site "Nové Hrady, Czech Republic"]
[Date "2023.08.17"]
[Round "4.5"]
[White "Šimůnek, Jakub Šimon"]
[Black "Richtrova, Eliska"]
[Result "1-0"]
[TimeControl "2x3+2s"]
[WhiteFideId "23709464"]
[BlackFideId "300683"]
[WhiteElo "1921"]
[BlackElo "2122"]

1. e4 e5 2. Nf3 Nc6 3. Nc3 Nf6 4. d4 exd4 5. Nxd4 Bb4 6. Nxc6 bxc6 7. Bd3 O-O 8. O-O d5 9.
exd5 cxd5 10. h3 h6 11. Bf4 c6 12. Qf3 Bd6 13. Rae1 Rb8 14.
Rb1 Qc7 15. Bxd6 Qxd6 16. Ne2 Rb4 17. c3 Ra4 18. a3 Ne4 19.
Rfd1 Ba6 20. Bxa6 Rxa6 21. Qxe4 Rb6 22. Qd3 Rbb8 23. c4 Rbd8 24. cxd5 cxd5 25. Nc3 d4 26. Ne2 Qe5 27. Nxd4 Rd5 28. Nf3 Rxd3 29. Nxe5 Rxd1+ 30. Rxd1 1-0

[Event "Nové Hrady - Blesk"]
[Site "Nové Hrady, Czech Republic"]
[Date "2023.08.17"]
[Round "4.6"]
[White "Blazek, Jiri"]
[Black "Garabik, Marek"]
[Result "1-0"]
[TimeControl "2x3+2s"]
[WhiteFideId "330515"]
[BlackFideId "23717742"]
[WhiteElo "2061"]
[BlackElo "1578"]

1. d4 d5 2. e3 Nf6 3. Bd3 e6 4.
Nd2 Be7 5. f4 c5 6. c3 c4 7. Bc2 Nbd7 8. Ngf3 O-O 9. O-O Ne8 10. Ne5 f5 11. Kh1 Ndf6 12. Qf3 Nd6 13. h3 Nde4 14. Nxe4 Nxe4 15. Bxe4 dxe4 16.
Qe2 Bd6 17. Qxc4 Bxe5 18. fxe5 a6 19. b3 Bd7 20. Ba3 Bb5 21. Qxe6+ Rf7 22. Rxf5 Qe8 23. Qxf7+ Qxf7 24. Rxf7 Kxf7 25. c4 Bd7 26. d5 Re8 27. Rf1+ Kg6 28. Rf8 Rxf8 29. Bxf8 Kf5 30. Bxg7 h5 31. Kg1 b5 32. e6 Be8 33.
c5 Kg6 34. Bd4 Kh7 35. c6 h4 36. c7 a5 37. c8=Q Bg6 38. Qh8# 1-0

[Event "Nové Hrady - Blesk"]
[Site "Nové Hrady, Czech Republic"]
[Date "2023.08.17"]
[Round "4.7"]
[White "Voršilka, Jiří"]
[Black "Valenz, Miroslav"]
[Result "0-1"]
[TimeControl "2x3+2s"]
[WhiteFideId "365149"]
[BlackFideId "326283"]
[WhiteElo "1463"]
[BlackElo "1929"]

1. c4 Nf6 2. Nc3 d6 3. g3 e5 4. Bg2 g6 5. e4 Bg7 6. Nge2 O-O 7. O-O Nc6 8. d3 Bg4 9.
h3 Be6 10. Be3 Qd7 11. Kh2 Nh5 12.
a3 f5 13. exf5 gxf5 14. f4 Kh8 15. fxe5 dxe5 16. Rf3 Rg8 17.
b4 Raf8 18. b5 Nd4 19. Bxd4 exd4 20. Na2 Be5 21. Qe1 Qd6 22. Nb4 Nxg3 23. Kg1 f4 24. Nxg3 Rxg3 25. Rxg3 fxg3 26. Qe4 Bf4 27. Re1 Be3+ 28. Kh1 Qd7 0-1

[Event "Nové Hrady - Blesk"]
[Site "Nové Hrady, Czech Republic"]
[Date "2023.08.17"]
[Round "4.8"]
[White "Slabý, Matěj"]
[Black "Sadil, Antonin"]
[Result "1-0"]
[TimeControl "2x3+2s"]
[WhiteFideId "23734876"]
[BlackFideId "23735597"]
[WhiteElo "1894"]
[BlackElo "1697"]

1. d4 c6 2. Nf3 Nf6 3. e3 d5 4. c4 e6 5. Nc3 Be7 6. Bd3 O-O 7. O-O dxc4 8. Bxc4 Nbd7 9. e4 Bb4 10. e5 Nd5 11. Bd2 Bxc3 12. bxc3 N7b6 13. Bd3 Bd7 14. c4 Ne7 15. Qe2 Rc8 16.
Qe4 Ng6 17. h4 c5 18. h5 Bc6 19.
Qe2 Nh4 20. Nxh4 Qxh4 21. dxc5 Nd7 22. Qe3 Qxh5 23. f4 Rfd8 24. Ba5 b6 25. cxb6 axb6 26. Bb4 Nc5 27. Bc2 Qg4 28. Rf2 Rd7 29. a4 Rcd8 30. a5 bxa5 31. Bxc5 Rd1+ 32.
Bxd1 Rxd1+ 33. Rxd1 Qxd1+ 34. Kh2 Qh5+ 35. Qh3 Qd1 36.
Qh4 a4 37. Qe7 h6 38. Rf3 Bxf3 39. gxf3 Qe2+ 1-0

[Event "Nové Hrady - Blesk"]
[Site "Nové Hrady, Czech Republic"]
[Date "2023.08.17"]
[Round "4.10"]
[White "Hostička, František"]
[Black "Dudkova, Danka"]
[Result "1-0"]
[TimeControl "2x3+2s"]
[WhiteFideId "302295"]
[BlackFideId "23718439"]
[WhiteElo "2074"]
[BlackElo "1650"]

1. e4 d5 2. Nc3 d4 3. Nce2 e5 4. d3 Nc6 5. g3 Nf6 6. Bg2 Be7 7. f4 Bg4 8. h3 Bxe2 9. Qxe2 exf4 10.
gxf4 Bb4+ 11. Bd2 Qe7 12. Nf3 Nh5 13. Qf2 Bxd2+ 14. Nxd2 Qb4 15. O-O-O O-O-O 16. e5 g6 17. Bxc6 bxc6 18. f5 Qa5 19. e6 Qxa2 20. exf7 Qxf7 21. Rhf1 Rhf8 22.
Qf3 Rd5 23. fxg6 Qxf3 24. Rxf3 Rxf3 25. Nxf3 hxg6 26. Rg1 Rd6 27. Ne5 Nf4 28. Kd2 Re6 29.
Nc4 Nxh3 30. Rg4 c5 31.
b4 Nf2 32. Rf4 g5 33. Rxf2 cxb4 34. Rg2 Rg6 35. Rg4 Kd7 36. Rxd4+ Kc6 37. Ne5+ 1-0

[Event "Nové Hrady - Blesk"]
[Site "Nové Hrady, Czech Republic"]
[Date "2023.08.17"]
[Round "5.1"]
[White "Hak, David"]
[Black "Pulpan, Jakub"]
[Result "0-1"]
[TimeControl "2x3+2s"]
[WhiteFideId "377007"]
[BlackFideId "302759"]
[WhiteElo "2037"]
[BlackElo "2452"]

1. d4 Nf6 2. c4 e6 3. Nf3 d5 4. Nc3 c5 5. cxd5 exd5 6.
g3 Nc6 7. Bg2 cxd4 8. Nxd4 Bc5 9. Nxc6 bxc6 10. O-O O-O 11. Na4 Bb6 12. Qc2 Bd7 13. Nc5 Re8 14. Nxd7 Qxd7 15.
Bg5 Ne4 16. Bxe4 Rxe4 17. Rac1 h6 18.
Bf4 g5 19. Be3 Rxe3 20. fxe3 Bxe3+ 21. Kg2 Bxc1 22. Rxc1 Qe6 23. e4 Re8 24. exd5 Qxd5+ 25. Kg1 Re3 26. Qxc6 Re1+ 27. Kg2 0-1

[Event "Nové Hrady - Blesk"]
[Site "Nové Hrady, Czech Republic"]
[Date "2023.08.17"]
[Round "5.2"]
[White "Zeman, Matyas"]
[Black "Valenz, Miroslav"]
[Result "1-0"]
[TimeControl "2x3+2s"]
[WhiteFideId "364398"]
[BlackFideId "326283"]
[WhiteElo "2254"]
[BlackElo "1929"]

1. Nf3 Nf6 2. b3 d6 3. Bb2 g6 4. d4 Bg7 5. g3 O-O 6. Bg2 Bg4 7. O-O Qd7 8. Re1 Bh3 9. Bh1 Nc6 10.
Nbd2 Nh5 11. Qc1 Rae8 12. d5 Ne5 13. Nxe5 dxe5 14. Nc4 f6 15. a4 Nf4 16. e3 Nh5 17. Qd2 a6 18. a5 Kh8 19. f4 exf4 20. exf4 Qg4 21. Qe2 Qd7 22. Rad1 b6 23. axb6 cxb6 24. Nxb6 Qc7 25. Nc4 a5 26. d6 exd6 27. Qxe8 1-0

[Event "Nové Hrady - Blesk"]
[Site "Nové Hrady, Czech Republic"]
[Date "2023.08.17"]
[Round "5.3"]
[White "Babula, Milan"]
[Black "Šimůnek, Jakub Šimon"]
[Result "0-1"]
[TimeControl "2x3+2s"]
[WhiteFideId "300632"]
[BlackFideId "23709464"]
[WhiteElo "2176"]
[BlackElo "1921"]

1. e4 e6 2. d4 d5 3. Nc3 Bb4 4. Nge2 dxe4 5. a3 Bxc3+ 6. Nxc3 Nc6 7. Be3 Nf6 8. g4 Nd5 9. Bg2 Nxe3 10. fxe3 Qh4+ 11. Kd2 e5 12. d5 Bxg4 13. Qg1 O-O-O 14. Bxe4 f5 15. Bd3 Bf3 16. dxc6 Bxc6 17. Kc1 Bxh1 18. Bxf5+ Kb8 19. Qxh1 Rhf8 20. Bd3 Rf2 21. h3 Qg3 22. Qe1 Qf3 23. Ne4 Rh2 24. Ng3 Rxh3 25. Nf1 Rh1 0-1

[Event "Nové Hrady - Blesk"]
[Site "Nové Hrady, Czech Republic"]
[Date "2023.08.17"]
[Round "5.4"]
[White "Vybiral, Zdenek"]
[Black "Slabý, Matěj"]
[Result "1-0"]
[TimeControl "2x3+2s"]
[WhiteFideId "305200"]
[BlackFideId "23734876"]
[WhiteElo "2158"]
[BlackElo "1894"]

1. c4 Nc6 2. Nc3 e5 3. Nf3 Nf6 4. d4 exd4 5. Nxd4 Bb4 6. Bg5 h6 7. Bh4 O-O 8. e3 d6 9. Rc1 Ne5 10.
Be2 Ng6 11. Bxf6 Qxf6 12. O-O Bxc3 13. Rxc3 Bd7 14. Bf3 Ne5 15. Be4 Rfe8 16. Qc2 Nc6 17. Nxc6 Bxc6 18. Bxc6 bxc6 19. Rb3 Rab8 20. Rd1 a5 21. h3 Qe5 22. Rd4 Qc5 23.
Re4 d5 24. Re5 Qxc4 25. Qxc4 dxc4 26. Rxe8+ Rxe8 27. Rb7 Re7 28.
Ra7 f6 29. Rxa5 Rd7 30. g4 Rd2 31.
Ra8+ Kh7 32. Rb8 c5 33.
Kf1 c3 34. bxc3 Rxa2 35. Rb5 c4 36. Rc5 Ra4 37. Rxc7 Kg6 38. h4 h5 39. f3 hxg4 40.
fxg4 Kh6 41. Kg2 Kg6 42. Kf3 Kh6 43. Ke4 Kg6 1-0

[Event "Nové Hrady - Blesk"]
[Site "Nové Hrady, Czech Republic"]
[Date "2023.08.17"]
[Round "5.5"]
[White "Prinz, Hubert"]
[Black "Blazek, Jiri"]
[Result "0-1"]
[TimeControl "2x3+2s"]
[WhiteFideId "1639447"]
[BlackFideId "330515"]
[WhiteElo "1884"]
[BlackElo "2061"]

1. d4 d5 2. Nf3 e6 3.
e3 Bd6 4. Bd3 f5 5. Ne5 Nf6 6. O-O O-O 7. c3 c5 8.
Nd2 Bxe5 9. dxe5 Nfd7 10. f4 Nc6 11. Nf3 b6 12. b3 Bb7 13.
Ba3 h6 14. c4 Ne7 15. Qe2 Rf7 16. Rad1 Qc7 17. Rd2 Ng6 18. g3 Rd8 19. Rfd1 Ne7 20. cxd5 Nxd5 21. Rc2 Nb8 22. b4 Nd7 23. bxc5 Nxc5 24. Nd4 Qd7 25. Bb5 Qe7 26.
Nb3 Rc8 27. Nxc5 bxc5 28. Bc4 Rd8 29.
Kf2 Qc7 30. Bc1 Rfd7 31. Bxd5 Rxd5 32. Rxd5 Rxd5 33. Rd2 Qc6 34. Rxd5 Qxd5 35. Ke1 Qc6 36. Kd2 Ba6 37. Qe1 Qe4 38. Kc3 Qb4+ 0-1

[Event "Nové Hrady - Blesk"]
[Site "Nové Hrady, Czech Republic"]
[Date "2023.08.17"]
[Round "5.6"]
[White "Hostička, František"]
[Black "Papacek, Stepan"]
[Result "1-0"]
[TimeControl "2x3+2s"]
[WhiteFideId "302295"]
[BlackFideId "301035"]
[WhiteElo "2074"]
[BlackElo "2137"]

1. e4 e6 2. d4 d5 3. e5 c5 4. c3 Nc6 5. Be3 cxd4 6. cxd4 Nge7 7. Nf3 Nf5 8.
Bd3 Be7 9. Nc3 O-O 10. O-O h6 11.
Qd2 Nxe3 12. fxe3 f6 13. exf6 Bxf6 14. Rf2 Bd7 15. Raf1 Qe7 16. Bb1 g5 17. e4 dxe4 18. Nxe4 Qg7 19. d5 Bd4 1-0

[Event "Nové Hrady - Blesk"]
[Site "Nové Hrady, Czech Republic"]
[Date "2023.08.17"]
[Round "5.7"]
[White "Steinbauer, Sebastian"]
[Black "Rausch, Rudolf"]
[Result "1-0"]
[TimeControl "2x3+2s"]
[WhiteFideId "399272"]
[BlackFideId "1639455"]
[WhiteElo "1660"]
[BlackElo "1806"]

1. e4 g6 2. d4 d6 3. f4 Bg7 4. c4 Nf6 5. Nc3 O-O 6. Nf3 Nbd7 7. Bd3 c5 8. d5 a6 9. a4 h5 10. O-O Nh7 11. Be3 Ndf6 12.
h3 Qb6 13. Qd2 e6 14. Rae1 exd5 15. cxd5 Bd7 16. e5 dxe5 17. fxe5 Ne8 18. Kh1 f5 19. Bh6 Nc7 20. Bxg7 Kxg7 21. e6 Be8 22. Ne5 Rf6 23.
g4 hxg4 24. hxg4 Qd6 25. Bc2 b5 26.
gxf5 gxf5 27. Rg1+ Bg6 28. Rxg6+ Rxg6 29. Nxg6 Kxg6 30. Rg1+ Kf6 31. Qh6+ Ke5 32. Re1+ Kd4 33. Qd2+ Kc4 34. b3+ Kb4 35. Nb1# 1-0

[Event "Nové Hrady - Blesk"]
[Site "Nové Hrady, Czech Republic"]
[Date "2023.08.17"]
[Round "5.8"]
[White "Richtrova, Eliska"]
[Black "Mores, Antonin"]
[Result "1-0"]
[TimeControl "2x3+2s"]
[WhiteFideId "300683"]
[BlackFideId "23711485"]
[WhiteElo "2122"]
[BlackElo "1342"]

1. e4 c5 2. Nc3 Nc6 3. g3 g6 4. Bg2 Bg7 5. d3 Nf6 6. h3 O-O 7. Be3 d6 8. Nge2 Bd7 9. O-O Qc7 10. g4 h5 11.
f3 a6 12. Nf4 h4 13. Qd2 Ne8 14. Nfd5 Qd8 15. Bg5 f6 16. Bxh4 g5 17. Bg3 Bh6 18. f4 Be6 19. fxg5 Bxg5 20. Nf4 Ng7 21. h4 Bh6 22. Qf2 Kh7 23. Nxe6 Nxe6 24. Qf5+ Kg7 25. Qxe6 Nd4 26. Qd5 Qd7 27. g5 fxg5 28. hxg5 Rxf1+ 29. Rxf1 e6 30. gxh6+ Kxh6 31. Rf6+ Kg7 32. Qg5+ Kh8 33. Rh6+ Qh7 34. Rxh7+ Kxh7 35. Bxd6 Rg8 36.
Qh5+ Kg7 37. e5 Nf5 38. Ne4 a5 39.
Nf6 Rh8 40. Qg5+ Kf7 41. Bf3 Ke8 1-0

[Event "Nové Hrady - Blesk"]
[Site "Nové Hrady, Czech Republic"]
[Date "2023.08.17"]
[Round "5.9"]
[White "Sadil, Antonin"]
[Black "Mácová, Markéta"]
[Result "1-0"]
[TimeControl "2x3+2s"]
[WhiteFideId "23735597"]
[BlackFideId "23715588"]
[WhiteElo "1697"]
[BlackElo "1304"]

1. e4 e5 2. Nf3 Nc6 3. d4 exd4 4. Bc4 Bc5 5. Ng5 Nh6 6. Nxf7 Nxf7 7. Bxf7+ Kxf7 8. Qh5+ Kf8 9. Qxc5+ Ke8 10. Bg5 Ne7 11. Qxd4 Rg8 12. Nc3 d6 13. Nd5 c5 14. Qd3 Qa5+ 15. c3 Nxd5 16. Qxd5 Rf8 17.
Qxd6 Rf7 18. Rd1 Bg4 19. f3 Bh5 20. O-O c4 21. Rd5 Qb6+ 22. Qxb6 axb6 23. Rfd1 Rc7 24. Bf4 Re7 25. Rxh5 Rxa2 26. Rd2 h6 27. Re5 Rxe5 28. Bxe5 Kf7 29. Bd4 Ra6 30. Kf2 Kg6 31. Be3 Kf7 32. Rd6 Ke7 33. Rxb6 Rxb6 34. Bxb6 Kd6 35. Bd4 Ke6 36. Bxg7 Kf7 37. Bxh6 Ke7 38. Ke3 Ke6 39. Kd4 Kd6 40. Bf4+ Kc6 41. h4 b6 42. h5 b5 43. h6 b4 44. cxb4 c3 45. bxc3 Kd7 46. h7 Kc6 47.
h8=Q Kd7 48. Kd5 Ke7 49. Bg5+ Kd7 50.
Qd8# 1-0

[Event "Nové Hrady - Blesk"]
[Site "Nové Hrady, Czech Republic"]
[Date "2023.08.17"]
[Round "5.10"]
[White "Hokr, Matyas"]
[Black "Durchan, Milan"]
[Result "1-0"]
[TimeControl "2x3+2s"]
[WhiteFideId "23734663"]
[BlackFideId "333212"]
[WhiteElo "1472"]
[BlackElo "1677"]

1. e4 c6 2. d4 d5 3. e5 Bf5 4. h4 h5 5. Nc3 e6 6. Bg5 Qb6 7. Rb1 c5 8. Bb5+ Nc6 9. Bxc6+ bxc6 10. Nf3 Bg4 11.
Qd3 Bxf3 12. dxc5 Bxc5 13. Qxf3 Bb4 14. O-O Ne7 15. Bxe7 Bxe7 16. Qg3 g6 17. Kh1 Qd8 18. f4 Bxh4 19.
Qh3 Be7 20. Ne2 O-O 21. Ng3 Kg7 22. Rf3 h4 23. Ne2 Rh8 24. Nd4 Rc8 25. f5 exf5 26. e6 f6 27. Re3 c5 28. Nb5 a6 29. Na3 d4 30. Re2 Qd5 31.
c4 dxc3 32. Qxc3 Qd4 33. Qxd4 cxd4 34. Rd2 Rhd8 35. Rbd1 Bxa3 36. bxa3 Rc4 37. Kg1 Kf8 38. Re1 Ke7 39.
Rd3 g5 40. Red1 Kxe6 41. Re1+ Kf7 42. Red1 Kg6 43. Kf2 Kh5 44. Kf3 Rc3 45. Rxc3 dxc3 46. Rxd8 g4+ 47. Kf4 h3 48. Rh8+ Kg6 49. gxh3 c2 50. Rc8 gxh3 51. Rxc2 Kh5 52. Rh2 Kh4 53. a4 1-0

[Event "Nové Hrady - Blesk"]
[Site "Nové Hrady, Czech Republic"]
[Date "2023.08.17"]
[Round "6.1"]
[White "Pulpan, Jakub"]
[Black "Vybiral, Zdenek"]
[Result "1-0"]
[TimeControl "2x3+2s"]
[WhiteFideId "302759"]
[BlackFideId "305200"]
[WhiteElo "2452"]
[BlackElo "2158"]

1. Nf3 Nf6 2. b3 d5 3. Bb2 Bg4 4. g3 Nbd7 5. Bg2 e6 6. c4 c6 7. O-O Bc5 8. d4 Be7 9. Nbd2 O-O 10. a3 a5 11. Re1 b5 12. Ne5 Nxe5 13. dxe5 Nd7 14. Qc2 Qb6 15. e3 Rab8 16. Rab1 Rfc8 17. Bd4 Qc7 18. Bb2 Bf5 19. e4 Bg6 20. cxd5 cxd5 21. Qxc7 Rxc7 22. Rbc1 Rbc8 23. Rxc7 Rxc7 24. Nb1 Bxe4 25. Bxe4 dxe4 26. Bd4 b4 27. a4 Rc2 28. Kg2 Bc5 29. Rxe4 h5 30. Be3 Rb2 31. Bxc5 Rxb1 32. Bd6 Rxb3 33. Rd4 Ra3 34.
Bc7 Nc5 35. Bxa5 Rxa4 36. Bxb4 Na6 1-0

[Event "Nové Hrady - Blesk"]
[Site "Nové Hrady, Czech Republic"]
[Date "2023.08.17"]
[Round "6.2"]
[White "Blazek, Jiri"]
[Black "Zeman, Matyas"]
[Result "0-1"]
[TimeControl "2x3+2s"]
[WhiteFideId "330515"]
[BlackFideId "364398"]
[WhiteElo "2061"]
[BlackElo "2254"]

1. d4 Nf6 2. e3 e6 3. Bd3 d5 4. f4 c5 5. c3 Nc6 6.
Nf3 Bd6 7. O-O O-O 8. Ne5 Ne7 9.
Qf3 b6 10. Nd2 Bb7 11. b3 Rc8 12. Bb2 g6 13.
Qh3 Ne4 14. Nxe4 dxe4 15. Be2 cxd4 16.
exd4 Nf5 17. Ng4 h5 18. Ne3 Qf6 19. Nxf5 Qxf5 20. g4 hxg4 21. Bxg4 Qf6 22. Rae1 Kg7 23. Re3 Rh8 24. Qg2 Bxf4 25. c4 Bxe3+ 26. Kh1 Bf4 27. d5 e5 28. Bxc8 Bxc8 29. Qe2 Qg5 30. Rg1 Qh4 31. Rg2 Bg4 32. Qxe4 f6 33. b4 Bf5 34. Qe2 g5 35. c5 bxc5 36. bxc5 g4 37. Qf1 g3 38. d6 Be4 0-1

[Event "Nové Hrady - Blesk"]
[Site "Nové Hrady, Czech Republic"]
[Date "2023.08.17"]
[Round "6.3"]
[White "Šimůnek, Jakub Šimon"]
[Black "Hak, David"]
[Result "1/2-1/2"]
[TimeControl "2x3+2s"]
[WhiteFideId "23709464"]
[BlackFideId "377007"]
[WhiteElo "1921"]
[BlackElo "2037"]

1. e4 c5 2. Nf3 Nc6 3. Bb5 g6 4. O-O Bg7 5. Re1 Nf6 6. Bxc6 dxc6 7. d3 O-O 8. h3 Ne8 9. c3 b6 10. d4 cxd4 11. cxd4 Nc7 12. Nc3 Bb7 13. Be3 Ne6 14. Qa4 Qc7 15. Rac1 Rfd8 16. Red1 Qd7 17. Qb3 Rac8 18. Rd2 Ba8 19. Rcd1 Qb7 20.
d5 cxd5 21. Nxd5 Kh8 22. Qb4 Nc5 23.
a3 Rd6 24. Bxc5 bxc5 25. Qxb7 Bxb7 26. Nxe7 Rxd2 27. Rxd2 Re8 28. Rd7 Bxe4 29. Rc7 Bxb2 30. Nc6 Bxa3 31. Nxa7 Bb4 32. Rxf7 Ra8 33. Rc7 c4 34. Rxc4 Bxf3 35. Rxb4 Bxg2 36. Kxg2 1/2-1/2

[Event "Nové Hrady - Blesk"]
[Site "Nové Hrady, Czech Republic"]
[Date "2023.08.17"]
[Round "6.4"]
[White "Richtrova, Eliska"]
[Black "Hostička, František"]
[Result "0-1"]
[TimeControl "2x3+2s"]
[WhiteFideId "300683"]
[BlackFideId "302295"]
[WhiteElo "2122"]
[BlackElo "2074"]

1. e4 Nf6 2. d3 e5 3. Nf3 Nc6 4. Be2 g6 5. O-O Bg7 6. c3 O-O 7. h3 d5 8. Nbd2 a5 9.
Qc2 h6 10. Re1 Kh7 11. b3 Nh5 12. Bf1 Nf4 13. Bb2 d4 14. cxd4 Nb4 15. Qb1 exd4 16. a3 Nc6 17. Qc2 Be6 18. Rac1 Qd7 19. Kh2 Rac8 20.
Ng1 Ne5 21. g3 Nh5 22. f4 Nc6 23. Bg2 Qe8 24. Qc5 f5 25. Ngf3 Rf7 26. Nxd4 Nxd4 27. Bxd4 Bf8 28. Qxa5 b6 29. Qa4 Bd7 30. Qc4 c5 31. Bb2 Be6 32. Qc3 Bg7 33. Qc2 fxe4 34. Nxe4 Rd8 35. Bxg7 Nxg7 36. Qb2 Qe7 37. Nc3 Rxd3 38. Nd5 Qd6 39. Nf6+ Rxf6 40. Qxf6 Rd2 41. Qc3 Nf5 42. Rc2 Rd3 43. Qf6 Bxb3 44. Rce2 Qxf6 45. Be4 Rd7 46. g4 Nd4 47. Rf2 Rf7 48. f5 Qe5+ 49. fxg6+ 0-1

[Event "Nové Hrady - Blesk"]
[Site "Nové Hrady, Czech Republic"]
[Date "2023.08.17"]
[Round "6.5"]
[White "Valenz, Miroslav"]
[Black "Steinbauer, Sebastian"]
[Result "0-1"]
[TimeControl "2x3+2s"]
[WhiteFideId "326283"]
[BlackFideId "399272"]
[WhiteElo "1929"]
[BlackElo "1660"]

1. e4 e5 2. Nc3 Nf6 3. Bc4 Bc5 4. d3 Nc6 5. f4 d6 6.
Nf3 Bg4 7. Na4 Bb4+ 8. Bd2 Bxd2+ 9.
Qxd2 Bxf3 10. gxf3 Nd4 11. O-O-O Qd7 12. Nc3 exf4 13. Qxf4 O-O-O 14. Kb1 Ne6 15. Qe3 c5 16. f4 Nc7 17. Rhg1 g6 18.
e5 Nfe8 19. d4 d5 20. Be2 cxd4 21.
Rxd4 Kb8 22. Bf3 Ng7 23. Bg4 Nf5 24. Bxf5 gxf5 25. Ra4 d4 26. Qf2 dxc3 27. Qxa7+ Kc8 28. bxc3 Qb5+ 29. Rb4 Qa6 30. Qc5 Rhg8 31. Rxg8 Rxg8 32. Qe7 Qa3 33. Qg5 Rxg5 34. fxg5 Qa5 35. Kb2 Qxe5 36. a4 Qg7 37. a5 Qxg5 38. a6 Nxa6 39. Rc4+ Kb8 40. Rd4 Qf6 41.
Rc4 Qb6+ 42. Kc1 Qg1+ 43. Kd2 Qxh2+ 44. Ke3 Qg1+ 45. Kd3 Qg3+ 46. Kd4 Qf4+ 47. Kd3 Qe4+ 48. Kd2 Qd5+ 49. Rd4 Qxd4+ 50. cxd4 Nc7 51. Ke3 Nd5+ 0-1

[Event "Nové Hrady - Blesk"]
[Site "Nové Hrady, Czech Republic"]
[Date "2023.08.17"]
[Round "6.6"]
[White "Babula, Milan"]
[Black "Sadil, Antonin"]
[Result "1/2-1/2"]
[TimeControl "2x3+2s"]
[WhiteFideId "300632"]
[BlackFideId "23735597"]
[WhiteElo "2176"]
[BlackElo "1697"]

1. e4 c6 2. d4 d5 3. Nc3 dxe4 4. Nxe4 Nf6 5.
Nxf6+ exf6 6. Bf4 Bd6 7. Bxd6 Qxd6 8. Qd2 Be6 9. Nf3 Nd7 10.
c4 O-O 11. Be2 Rfe8 12. O-O Rad8 13. Rad1 Nf8 14. Rfe1 Ng6 15. g3 Bg4 16. Kg2 b5 17. b3 bxc4 18. bxc4 Re4 19. h3 Bxf3+ 20. Bxf3 Rxd4 21. Qxd4 Qxd4 22. Rxd4 Rxd4 23. Re8+ Nf8 24. Bxc6 Rxc4 25. Bd5 Rc7 26. Kf3 g6 27. Ke4 Kg7 28. f4 Nd7 29. Kd4 Nb6 30. Bb3 Rd7+ 31. Kc3 Nd5+ 32.
Kc4 Nc7 33. Rc8 Ne6 34. Kb5 Nd4+ 35. Ka6 Nxb3 36. axb3 Rd3 37. b4 Rb3 38. b5 g5 39. Rc7 Kg6 40. Rxa7 h5 41. b6 Ra3+ 42. Kb7 Rb3 43. Kc7 gxf4 44. gxf4 Rxh3 45. b7 Rc3+ 46. Kd7 Rb3 47. Kc8 Rc3+ 48. Kd8 Rd3+ 49. Kc7 Rc3+ 50. Kd7 1/2-1/2

[Event "Nové Hrady - Blesk"]
[Site "Nové Hrady, Czech Republic"]
[Date "2023.08.17"]
[Round "6.7"]
[White "Slabý, Matěj"]
[Black "Garabik, Marek"]
[Result "1-0"]
[TimeControl "2x3+2s"]
[WhiteFideId "23734876"]
[BlackFideId "23717742"]
[WhiteElo "1894"]
[BlackElo "1578"]

1. e4 e6 2. d4 d5 3. e5 c5 4. c3 Nc6 5. Nf3 Qb6 6. a3 cxd4 7. cxd4 Bd7 8.
Nc3 Nge7 9. b4 Nf5 10. Na4 Qc7 11.
Be3 Be7 12. Bd3 Nxe3 13. fxe3 O-O 14. O-O f6 15. exf6 Bxf6 16. Rc1 a6 17. Nc5 e5 18. dxe5 Bxe5 19. Nxe5 Nxe5 20. Rxf8+ Rxf8 21. Be2 Qc6 22. Nxa6 Qf6 23. Nc5 Qf2+ 24. Kh1 Bc6 25. b5 Bxb5 26. Bxb5 Ng4 27. Qxg4 Qxe3 28.
Qe6+ Qxe6 29. Nxe6 Rf2 30. Rf1 1-0

[Event "Nové Hrady - Blesk"]
[Site "Nové Hrady, Czech Republic"]
[Date "2023.08.17"]
[Round "6.9"]
[White "Rausch, Rudolf"]
[Black "Hokr, Matyas"]
[Result "1/2-1/2"]
[TimeControl "2x3+2s"]
[WhiteFideId "1639455"]
[BlackFideId "23734663"]
[WhiteElo "1806"]
[BlackElo "1472"]

1. d4 c5 2. e3 cxd4 3. exd4 d5 4. Nc3 Nc6 5. Nf3 Bf5 6. Bd3 Bxd3 7. Qxd3 Nf6 8. Bg5 e6 9. O-O Bd6 10. Nb5 h6 11. Nxd6+ Qxd6 12. Bh4 g5 13. Bg3 Qd7 14. Ne5 Nxe5 15. Bxe5 Qe7 16. Qb5+ Kf8 17.
Bxf6 Qxf6 18. Qxb7 Kg7 19. Rae1 Rhb8 20. Qc6 Rc8 21. Qd7 Rxc2 22. Qb7 Rcc8 23. a4 Rcb8 24. Qd7 Rd8 25. Qc6 Rdc8 26. Qb7 Rcb8 27. Qc6 Rc8 28.
Qb7 Rcb8 29. Qc6 Rc8 1/2-1/2

[Event "Nové Hrady - Blesk"]
[Site "Nové Hrady, Czech Republic"]
[Date "2023.08.17"]
[Round "6.10"]
[White "Papacek, Stepan"]
[Black "Hejda, Ondřej"]
[Result "1-0"]
[TimeControl "2x3+2s"]
[WhiteFideId "301035"]
[BlackFideId "23713623"]
[WhiteElo "2137"]
[BlackElo "1321"]

1. e4 d5 2. exd5 Qxd5 3.
Nc3 Qa5 4. Nf3 c6 5. d4 Bg4 6.
h3 Bh5 7. g4 Bg6 8. Ne5 e6 9. Bg2 Bd6 10. Nc4 Qc7 11. Nxd6+ Qxd6 12. Be3 Nf6 13. Qe2 Nbd7 14. O-O-O O-O-O 15. Kb1 Nb6 16. Rd2 Nfd5 17. Ne4 Bxe4 18. Bxe4 Nxe3 19. fxe3 h6 20. Bg2 Rhe8 21. c4 Qd7 22. Rc1 Kb8 23. c5 Nd5 24. Rd3 Nf6 25. Rb3 e5 26.
Qf3 exd4 27. exd4 Qe7 28. Qxc6 Qe4+ 29. Bxe4 1-0